 Dungeon Crawl Stone Soup version 0.28-a0-1038-g9c4cb8273d (webtiles) character file.

Game seed: 5500850300692492703

186 mainiacjoe the Skirmisher (level 5, -1/50 HPs)
             Began as a Minotaur Hunter on Dec 9, 2021.
             Killed from afar by an orc wizard (9 damage)
             ... with a puff of flame
             ... on level 4 of the Dungeon.
             The game lasted 00:05:50 (3972 turns).

mainiacjoe the Skirmisher (Minotaur Hunter)         Turns: 3972, Time: 00:05:51

Health: -1/50      AC:  6    Str: 19    XL:     5   Next: 38%
Magic:  4/4        EV: 10    Int:  8    God:
Gold:   58         SH:  0    Dex: 10    Spells: 4/4 levels left

rFire   . . .      SeeInvis .   a - +0 flail
rCold   . . .      Faith    .   k - +0 buckler
rNeg    . . .      Spirit   .   m - +0 ring mail
rPois   .          Reflect  .   (helmet restricted)
rElec   .          Harm     .   (no cloak)
rCorr   .          Rampage  .   f - +0 pair of gloves
Will    .....                   (no boots)
Stlth   ..........              (no amulet)
HPRegen 0.16/turn               (no ring)
MPRegen 0.09/turn               (no ring)

@: confused
A: horns 2, retaliatory headbutt
a: no special abilities


You were on level 4 of the Dungeon.
You visited 1 branch of the dungeon, and saw 4 of its levels.

You collected 154 gold pieces.
You spent 96 gold pieces at shops.

Inventory:

Hand Weapons
 a - a +0 flail (weapon)
 b - a +1 hand crossbow of venom
 e - a +0 short sword
 r - a +0 hand axe
Missiles
 d - 45 bolts
 g - 45 sling bullets
 j - 123 stones (quivered)
 p - 30 arrows
 s - 4 javelins
Armour
 c - a +0 leather armour
 f - a +0 pair of gloves (worn)
 k - a +0 buckler (worn)
 m - a +0 ring mail (worn)
Scrolls
 l - a scroll of holy word
 t - a scroll of fog {unknown}
Potions
 h - a potion of resistance
 i - 3 potions of mutation
 n - a potion of curing
 o - 2 potions of might
 q - a potion of attraction {unknown}


   Skills:
 + Level 6.2 Fighting
 - Level 0.2(0.3) Axes
 + Level 0.1(0.2) Maces & Flails
 - Level 5.0 Crossbows
 - Level 2.2 Dodging
 - Level 0.8 Stealth


You had 4 spell levels left.
You didn't know any spells.
Your spell library was empty.

Dungeon Overview and Level Annotations

Branches:
Dungeon (4/15)             Temple (0/1) D:4

Altars:
Xom

Shops:
D:3 !


Innate Abilities, Weirdness & Mutations

You have a pair of horns on your head.
You reflexively headbutt those who attack you in melee.


Message History

The boomerang completely misses you. Something hits you but does no damage.
You miss something. Something hits you.
You hear some strange, mumbled words.
A puff of flame appears from out of thin air!
The puff of flame hits you.
You closely miss something. Your headbutt misses something.
Something hits you but does no damage.
The orc throws a boomerang.
The boomerang hits you but does no damage.
You closely miss something. Your headbutt misses something.
Something hits you but does no damage.
The orc throws a boomerang.
The boomerang misses you. Something hits you.
You hit something but do no damage. Something hits you but does no damage.
You miss something.
The orc throws a boomerang.
The boomerang hits you but does no damage.
Something hits you.
The orc throws a boomerang.
The boomerang closely misses you. Something hits you but does no damage.
You barely miss something. Something hits you.
You miss something.
The orc throws a boomerang.
The boomerang hits you. Something hits you.
The orc throws a boomerang.
Something hits you.
You miss something. Your headbutt misses something.
The orc throws a boomerang.
The boomerang barely misses you.
You hear some strange, mumbled words.
You are confused.
You bump into the rock wall.
You hear some strange, mumbled words.
A puff of flame appears from out of thin air!
The puff of flame hits you.
* * * LOW HITPOINT WARNING * * *
You miss something.
The orc throws a boomerang.
The boomerang closely misses you. Something hits you but does no damage.
The orc throws a boomerang.
The boomerang barely misses you. Something hits you.
* * * LOW HITPOINT WARNING * * *
You barely miss something. Something hits you but does no damage.
You miss something. Something hits you.
* * * LOW HITPOINT WARNING * * *
You hear some strange, mumbled words.
A puff of flame appears from out of thin air!
The puff of flame hits you!
You die...

.## .P.
##.####
P#...#.##
...>?().#
#..# #o[#
#{## #@#
#.# #.#
#.# #.#
#.# #.#
#.# #.#


You could see an orc.

Vanquished Creatures
  A scorpion (D:3)
  3 adders
  2 worms (D:2)
  2 dart slugs
  5 orcs
  6 endoplasms
  2 giant cockroaches
  11 goblins
  12 hobgoblins
  2 jackals (D:1)
  7 quokkas
  4 ball pythons
  6 bats
  7 frilled lizards
  4 kobolds
  5 rats
79 creatures vanquished.

Vanquished Creatures (others)
  2 plants (D:4)
2 creatures vanquished.

Grand Total: 81 creatures vanquished

Notes
Turn   | Place    | Note
-------+----------+-------------------------------------------
     0 | D:1      | mainiacjoe the Minotaur Hunter began the quest for the Orb.
     0 | D:1      | Reached XP level 1. HP: 18/18 MP: 0/0
   146 | D:1      | Reached XP level 2. HP: 19/25 MP: 1/1
   264 | D:1      | Found a faded altar of an unknown god.
   382 | D:1      | Reached skill level 3 in Fighting
   846 | D:1      | Reached XP level 3. HP: 24/31 MP: 2/2
  1339 | D:2      | Reached skill level 5 in Crossbows
  1508 | D:2      | Reached skill level 4 in Fighting
  1884 | D:2      | Reached XP level 4. HP: 41/41 MP: 3/3
  2432 | D:2      | Found a shimmering altar of Xom.
  2477 | D:3      | Reached skill level 5 in Fighting
  2721 | D:3      | Found a shimmering altar of Xom.
  2724 | D:3      | Found Pas Syes's Distillery.
  2763 | D:3      | Bought a potion of curing for 36 gold pieces
  2763 | D:3      | Bought a potion of might for 48 gold pieces
  2763 | D:3      | Bought a potion of degeneration for 12 gold pieces
  3065 | D:3      | Noticed a scorpion
  3075 | D:3      | Killed a scorpion
  3076 | D:3      | Reached skill level 6 in Fighting
  3076 | D:3      | Reached XP level 5. HP: 37/50 MP: 4/4
  3937 | D:4      | Found a staircase to the Ecumenical Temple.
  3972 | D:4      | Killed from afar by an orc wizard

Illustrated notes

Levels and vault maps discovered:
D:1:      sevenhm_arrival_forest_fort_large_4, layout_basic,
          chequers_ecumenical_altar_simple
D:2:      layout_rooms, basic_altar, grunt_ministairs_13, minmay_goblin_outpost
D:3:      layout_basic, xom_teletrap_fun, serial_shops,
          nicolae_shop_statue_plus, minmay_misc_feat_secret_circle,
          kennysheep_small_spiral
D:4:      layout_basic, minmay_temple_entry_gardened_gates

Skill      XL: |  1  2  3  4 |
---------------+-------------+-----
Fighting       | 3 4 6 |  6.2
Crossbows      | 5 |  5.0
Axes           | |  0.2
Maces & Flails | |  0.1
Dodging        | |  2.2
Stealth        | |  0.8

Action                   |  1- 3 |  4- 6 || total
-------------------------+-------+-------++-------
Melee: Hand axe          |    97 |    52 ||   149
       Headbutt          |    14 |    12 ||    26
       Flail             |       |    22 ||    22
Throw: Stone             |    94 |    91 ||   185
  Use: Scroll            |     1 |     4 ||     5
       Potion            |     1 |       ||     1
Armor: Leather armour    |    22 |     9 ||    31
       Ring mail         |       |    22 ||    22
Dodge: Dodged            |    62 |    50 ||   112
Block: Buckler           |     7 |    14 ||    21

Table legend: (Time is in decaauts)
 A = Elapsed time spent in this place.
 B = Non-inter-level travel time spent in this place.
 C = Inter-level travel time spent in this place.
 D = Time resting spent in this place.
 E = Time spent auto-exploring this place.
 F = Levels seen in this place.
 G = Mean time per level.
                   A        B        C        D        E       F      G
               +--------+--------+--------+--------+--------+-----+--------+
         Total |   4063 |   3934 |    129 |    257 |   3036 |   4 | 1015.8 |
       Dungeon |   4063 |   3934 |    129 |    257 |   3036 |   4 | 1015.8 |
               +--------+--------+--------+--------+--------+-----+--------+

Top non-repeatable levels by time:
     D:3: 1467 daAuts
     D:1: 1333 daAuts
     D:2: 1187 daAuts
     D:4: 75 daAuts
